 Dungeon Crawl Stone Soup version 0.30-a0-883-g5ad918d77d (webtiles) character file.

Game seed: 11062686557276707939

83 IdlyInterested the Slasher (level 4, -15/33 HPs)
             Began as a Demonspawn Gladiator on Mar 15, 2023.
             Killed from afar by Natasha (22 damage)
             ... with a bolt of dispelling energy
             ... on level 2 of the Dungeon on Mar 16, 2023.
             The game lasted 00:05:00 (1408 turns).

IdlyInterested the Slasher (Demonspawn Gladiator)   Turns: 1408, Time: 00:05:00

Health: -15/33     AC:  7    Str: 14    XL:     4   Next: 22%
Magic:  4/4        EV: 10    Int:  9    God:
Gold:   33         SH:  0    Dex: 17    Spells: 3/3 levels left

rFire   . . .      SeeInvis .    a - +0 long sword
rCold   . . .      Faith    .    (no shield)
rNeg    . . .      Spirit   .    j - +0 scale mail
rPois   .          Reflect  .    c - +0 helmet
rElec   .          Rampage  .    (no cloak)
rCorr   .                        (no gloves)
Will    .....                    (no boots)
Stlth   +                        (no amulet)
HPRegen 0.25/turn                (no ring)
MPRegen 0.09/turn                (no ring)

@: no status effects
A: demonic guardian 2
a: no special abilities


You were on level 2 of the Dungeon.
You visited 1 branch of the dungeon, and saw 2 of its levels.

You collected 93 gold pieces.
You spent 60 gold pieces at shops.

Inventory:

Hand Weapons
 a - a +0 long sword (weapon)
 l - a +0 short sword
Missiles
 d - 3 throwing nets (quivered)
 e - a javelin
Armour
 b - a +0 leather armour
 c - a +0 helmet (worn)
 j - a +0 scale mail (worn)
Scrolls
 h - a scroll of enchant armour {unknown}
 i - 2 scrolls of teleportation
Potions
 f - a potion of might
 g - a potion of attraction
 k - a potion of heal wounds {unknown}


   Skills:
 - Level 2.0 Fighting
 + Level 3.5 Long Blades
 - Level 2.0 Throwing
 - Level 1.0 Armour
 - Level 3.0 Dodging
 - Level 2.0 Stealth
 * Level 0.1 Evocations


You had 3 spell levels left.
You didn't know any spells.
Your spell library contained the following spells:

 Spells                   Type           Power      Damage    Failure   Level
 Dazzling Flash           Conj/Hex       0%         N/A       99%         3
 Agony                    Necr           0%         N/A       100%        5
 Silence                  Hex/Air        0%         N/A       100%        5


Dungeon Overview and Level Annotations

Branches:
Dungeon (2/15)

Altars:

Shops:
D:1 ?

Annotations:
D:2 Natasha


Innate Abilities, Weirdness & Mutations

A demonic guardian rushes to your aid.


Message History

You slash the kobold!
You kill the kobold!
You completely miss the hobgoblin. The hobgoblin barely misses you.
The hobgoblin hits you but does no damage.
You hit the hobgoblin but do no damage.
The hobgoblin hits you but does no damage.
You hit the hobgoblin.
The hobgoblin is severely wounded.
The hobgoblin hits you.
You barely miss the hobgoblin.
The hobgoblin is severely wounded.
The hobgoblin hits you but does no damage.
You hit the hobgoblin.
You kill the hobgoblin!
Things that are here:
a +0 dagger; a hobgoblin corpse
There is an open door here.
There is a large open door here.
There is a large open door here.
You pick up a book of the Senses and begin reading...
You add the spells Dazzling Flash, Agony and Silence to your library.
There is an open door here.
Natasha, Servant of Life and Death comes into view.
She is carrying a wand of quicksilver (13).
Natasha hisses angrily.
Natasha zaps a wand.
The bolt of dispelling energy hits you!!
Ouch! That really hurt!
A demonic guardian appears!
Natasha zaps a wand.
The bolt of dispelling energy hits your rust devil!
The bolt of dispelling energy hits you!
* * * LOW HITPOINT WARNING * * *
You feel better.
You start resting.
Your rust devil hits Natasha.
Your rust devil corrodes Natasha!
Natasha zaps a wand.
The bolt of dispelling energy hits your rust devil but does no damage.
The bolt of dispelling energy hits you!!
Ouch! That really hurt!
You die...

#
+.........##....##.....###
#.......####....##.....###
#<......#..'....''.....'.)
#.......#.##....##.....###
........#.##....##.....#
##.......#.##....########
#########.####### #.# #@#
#4# ...h4.h.# ....##### ##


You could see Natasha (corroded, ally target) and a friendly rust devil
(summoned).

Vanquished Creatures
  4 adders (D:2)
  2 bats (D:1)
  An endoplasm (D:1)
  2 giant cockroaches (D:1)
  5 goblins
  3 hobgoblins
  6 jackals (D:1)
  4 kobolds (D:2)
  2 quokkas (D:2)
  2 ball pythons (D:2)
  A frilled lizard (D:1)
  4 rats (D:1)
36 creatures vanquished.

Vanquished Creatures (collateral kills)
  2 worms (D:2)
  A goblin (D:1)
  A bat (D:1)
4 creatures vanquished.

Grand Total: 40 creatures vanquished

Notes
Turn   | Place    | Note
-------+----------+-------------------------------------------
     0 | D:1      | IdlyInterested the Demonspawn Gladiator began the quest for
                  | the Orb.
     0 | D:1      | Reached XP level 1. HP: 16/16 MP: 1/1
    86 | D:1      | Gained mutation: A weak demonic guardian rushes to your
                  | aid. [demonic ancestry]
    86 | D:1      | Reached XP level 2. HP: 17/22 MP: 2/2
   113 | D:1      | You fall into a shaft and drop 1 floor!
   343 | D:1      | Reached skill level 1 in Stealth
   363 | D:1      | Found Regaes's Magic Scroll Shop.
   566 | D:1      | Gained mutation: A demonic guardian rushes to your aid.
                  | [demonic ancestry]
   566 | D:1      | Reached XP level 3. HP: 27/27 MP: 3/3
   672 | D:1      | Bought a scroll of identify for 24 gold pieces
   672 | D:1      | Bought a scroll of teleportation for 36 gold pieces
  1224 | D:2      | Reached XP level 4. HP: 29/33 MP: 4/4
  1261 | D:2      | Reached skill level 1 in Armour
  1277 | D:2      | Found a faded altar of an unknown god.
  1402 | D:2      | Noticed Natasha
  1403 | D:2      | HP: 1/33 [Natasha/bolt of dispelling energy (13)]
  1408 | D:2      | Killed from afar by Natasha

Illustrated notes

Levels and vault maps discovered:
D:1:      minmay_arrival_open_corners, layout_rooms, serial_shops,
          shop_fountains
D:2:      layout_basic, chequers_ecumenical_altar_simple_redux, basic_altar,
          fountainhead, minivault_14, uniq_natasha

Skill      XL: |  1  2  3  4 |
---------------+-------------+-----
Dodging        | 3 |  3.0
Throwing       | 2 |  2.0
Long Blades    | 3 |  3.5
Stealth        | 1 2 |  2.0
Armour         | 1 |  1.0
Fighting       | |  2.0
Evocations     | |  0.1

Action                     |  1- 3 |  4- 6 || total
---------------------------+-------+-------++-------
  Melee: Long sword        |    92 |    24 ||   116
  Throw: Stone             |     5 |       ||     5
    Use: Scroll            |     3 |       ||     3
         Potion            |     2 |     1 ||     3
 Armour: Leather armour    |    22 |       ||    22
         Scale mail        |     4 |    14 ||    18
  Dodge: Dodged            |    47 |    10 ||    57

Table legend: (Time is in decaauts)
 A = Elapsed time spent in this place.
 B = Non-inter-level travel time spent in this place.
 C = Inter-level travel time spent in this place.
 D = Time resting spent in this place.
 E = Time spent auto-exploring this place.
 F = Levels seen in this place.
 G = Mean time per level.
                   A        B        C        D        E       F      G
               +--------+--------+--------+--------+--------+-----+--------+
         Total |   1435 |   1208 |    227 |    287 |    539 |   2 |  717.5 |
       Dungeon |   1435 |   1208 |    227 |    287 |    539 |   2 |  717.5 |
               +--------+--------+--------+--------+--------+-----+--------+

Top non-repeatable levels by time:
     D:1: 736 daAuts
     D:2: 698 daAuts
